 Dungeon Crawl Stone Soup version 0.27.1-4-g1640c2035a (webtiles) character file.

Game seed: 12878490282957389747

782 bande the Shield-Bearer (level 7, -3/44 HPs)
             Began as a Gargoyle Fighter on Nov 12, 2021.
             Slain by Pikel (7 damage)
             ... on level 5 of the Dungeon.
             The game lasted 00:07:47 (5793 turns).

bande the Shield-Bearer (Gargoyle Fighter)          Turns: 5793, Time: 00:07:48

Health: -3/44      AC: 14    Str: 20    XL:     7   Next: 86%
Magic:  7/7        EV:  5    Int:  9    God:
Gold:   169        SH:  9    Dex: 10    Spells: 6/6 levels left

rFire    . . .     SeeInvis .   a - +1 war axe
rCold    . . .     Faith    .   c - +0 kite shield
rNeg     + . .     Spirit   .   q - +0 chain mail
rPois    ∞         Reflect  .   (no helmet)
rElec    +         Harm     .   (no cloak)
rCorr    .         Rampage  .   (no gloves)
Will     +....                  (no boots)
Stlth    ..........             (no amulet)
HPRegen  0.14/turn              p - ring of willpower
MPRegen  0.10/turn              (no ring)

@: no status effects
A: sickness immunity, AC +4, negative energy resistance 1, electricity
resistance, torment resistance 1, petrification resistance
a: no special abilities


You were on level 5 of the Dungeon.
You visited 2 branches of the dungeon, and saw 6 of its levels.
You also visited: Sewer.

You collected 169 gold pieces.

Inventory:

Hand Weapons
 a - a +1 war axe (weapon)
 b - a +3 flail
Armour
 c - a +0 kite shield (worn)
 q - a +0 chain mail (worn)
Jewellery
 p - a ring of willpower (left hand)
 r - a ring of flight
Wands
 n - a wand of acid (11)
Scrolls
 h - 4 scrolls of teleportation
 j - a scroll of amnesia
 t - 2 scrolls of magic mapping {unknown}
Potions
 d - 2 potions of might
 e - a potion of brilliance
 f - a potion of lignification {unknown}
 g - a potion of heal wounds
 i - a potion of degeneration {unknown}
 k - 2 potions of resistance {unknown}
 l - a potion of curing {unknown}
 m - a potion of flight {unknown}
 o - a potion of attraction {unknown}
 s - a potion of invisibility {unknown}


   Skills:
 + Level 4.9 Fighting
 + Level 4.8 Axes
 + Level 4.8 Armour
 - Level 0.3 Dodging
 + Level 5.1 Shields
 * Level 2.8 Evocations


You had 6 spell levels left.
You didn't know any spells.
Your spell library contained the following spells:

 Spells                   Type           Power      Damage    Failure   Level
 Wereblood                Tmut           0%         N/A       100%        2
 Call Canine Familiar     Summ           0%         N/A       100%        3
 Portal Projectile        Hex/Tloc       0%         N/A       100%        3
 Leda's Liquefaction      Hex/Erth       0%         N/A       100%        4
 Summon Hydra             Summ           0%         N/A       100%        7
 Chain Lightning          Conj/Air       0%         N/A       100%        9
 Fire Storm               Conj/Fire      0%         5d1       100%        9
 Sublimation of Blood     Necr           Unusable   N/A       N/A         2

Dungeon Overview and Level Annotations

Branches:
Dungeon (5/15)             Temple (1/1) D:4           Sewer (visited)

Altars:
Ashenzari
Dithmenos
Elyvilon
Fedhas
Gozag
Hepliaklqana
Kikubaaqudgha
Nemelex Xobeh
Sif Muna
Trog
Uskayaw
Wu Jian
Xom
Yredelemnul
Zin
The Shining One

Annotations:
D:5 Pikel


Innate Abilities, Weirdness & Mutations

You are immune to sickness and miasma.
Your stone body is resilient. (AC +4)
You are immune to poison.
You resist negative energy. (rN+)
You are resistant to electric shocks. (rElec)
You are resistant to unholy torment.
You are immune to petrification.


Message History

The lemure is almost dead.
The lemure closely misses you.
You closely miss Pikel.
Pikel is moderately wounded.
Pikel hits you but does no damage.
You hit Pikel.
Pikel is moderately wounded.
Pikel hits you with a +1 whip of flaming.
Pikel burns you.
You closely miss Pikel.
Pikel is moderately wounded.
Pikel hits you with a +1 whip of flaming.
Pikel burns you. You block Pikel's attack.
You hit Pikel.
Pikel is heavily wounded.
Pikel hits you with a +1 whip of flaming.
Pikel burns you.
You slash Pikel!
Pikel is severely wounded.
Pikel hits you but does no damage. You block Pikel's attack.
You hit Pikel.
Pikel is almost dead.
Pikel hits you but does no damage.
You closely miss Pikel.
Pikel is almost dead.
Pikel barely misses you. You block Pikel's attack.
Your chain mail prevents you from hitting Pikel.
Pikel is almost dead.
Pikel hits you with a +1 whip of flaming!
* * * LOW HITPOINT WARNING * * *
Pikel burns you.
* * * LOW HITPOINT WARNING * * *
You barely miss Pikel.
Pikel is almost dead.
Pikel hits you with a +1 whip of flaming.
* * * LOW HITPOINT WARNING * * *
Pikel burns you.
* * * LOW HITPOINT WARNING * * *
Pikel hits you with a +1 whip of flaming!
You die...

#..................
##.................
##.......(.........
#..#...............
#..#...............
##.##..........)....
#..###......>.......
##.####5............#
#...@K555...........#
#..#####...........##
#.## #..............
##.# #.####....##...
#..# #...####......#
#..# ##.....####..###
##..# #..#.....#####
#.#.# ##.##.....#
##.#.# #..#....###


You could see Pikel and 4 lemures.

Vanquished Creatures
  Purgy (Sewer)
  An ice beast (D:5)
  A black bear (D:4)
  A necrophage (D:4)
  An ogre (D:5)
  A water moccasin skeleton (D:4)
  A centaur skeleton (D:5)
  An orc wizard (D:4)
  8 gnolls (D:3)
  2 adders
  An adder skeleton (D:4)
  5 dart slugs
  9 orcs
  6 bats
  11 endoplasms
  8 giant cockroaches
  10 goblins
  7 hobgoblins
  4 jackals
  20 kobolds
  5 quokkas
  10 ball pythons
  2 frilled lizards
  5 rats
121 creatures vanquished.

Vanquished Creatures (others)
  2 plants (D:5)
2 creatures vanquished.

Grand Total: 123 creatures vanquished

Notes
Turn   | Place    | Note
-------+----------+-------------------------------------------
     0 | D:1      | bande the Gargoyle Fighter began the quest for the Orb.
     0 | D:1      | Reached XP level 1. HP: 14/14 MP: 1/1
    31 | D:1      | Found a faded altar of an unknown god.
   100 | D:1      | Reached XP level 2. HP: 16/19 MP: 2/2
   879 | D:1      | Reached XP level 3. HP: 24/24 MP: 3/3
  2359 | D:3      | Reached XP level 4. HP: 29/29 MP: 4/4
  2715 | D:3      | Found a glowing drain.
  2724 | D:3      | Reached skill level 4 in Shields
  2731 | Sewer    | Entered a sewer
  3009 | Sewer    | Noticed Purgy
  3040 | Sewer    | Killed Purgy
  3041 | Sewer    | Reached skill level 1 in Evocations
  3041 | Sewer    | Reached XP level 5. HP: 25/33 MP: 5/5
  3372 | D:3      | Reached XP level 6. HP: 10/38 MP: 6/6
  3642 | D:3      | Found a sparkling altar of Nemelex Xobeh.
  3747 | D:3      | You fall into a shaft and drop 2 floors!
  3747 | D:5      | Entered Level 5 of the Dungeon
  3747 | D:5      | Noticed an ice beast
  3759 | D:5      | Killed an ice beast
  4265 | D:4      | Noticed a necrophage
  4270 | D:4      | Noticed a black bear
  4278 | D:4      | Killed a black bear
  4279 | D:4      | Reached XP level 7. HP: 11/44 MP: 7/7
  4515 | D:4      | Noticed an angel
  4516 | D:4      | Found a glowing silver altar of Zin.
  5076 | D:4      | Reached skill level 5 in Shields
  5147 | D:4      | Found a staircase to the Ecumenical Temple.
  5172 | Temple   | Entered the Ecumenical Temple
  5357 | D:4      | Found a shimmering altar of Xom.
  5748 | D:5      | Noticed Pikel
  5793 | D:5      | Slain by Pikel

Illustrated notes

Levels and vault maps discovered:
D:1:      scummos_arrival_gate, layout_loops_ring,
          ebering_ecumenical_altar_ruins, minmay_heptomino_d4
D:2:      layout_basic, hangedman_abyss_or_decor_lesser_grid
D:3:      layout_loops_corners, mainiacjoe_overflow_paths,
          gup_sewer_entry_glass, minivault_23
D:4:      layout_cave_pools, grunt_temple_overflow_order_and_chaos_1,
          minmay_temple_entry_overgrown, grunt_decor_one_mirror
D:5:      corexii_shack_village, layout_cave_pods, minmay_misc_feat_x,
          uniq_pikel
Temple:   dshaligram_water_room_temple

Skill      XL: |  1  2  3  4  5  6  7 |
---------------+----------------------+-----
Axes           | 2 3 4 |  4.8
Fighting       | 4 |  4.9
Shields        | 4 5 |  5.1
Armour         | 4 |  4.8
Evocations     | 1 2 |  2.8
Dodging        | |  0.3

Action                   |  1- 3 |  4- 6 |  7- 9 || total
-------------------------+-------+-------+-------++-------
Melee: War axe           |   143 |   144 |   121 ||   408
  Use: Scroll            |     6 |     3 |       ||     9
       Potion            |       |     4 |       ||     4
Armor: Scale mail        |    81 |   130 |    39 ||   250
       Chain mail        |       |       |    48 ||    48
Dodge: Dodged            |    53 |    71 |    34 ||   158
Block: Kite shield       |    92 |   120 |    81 ||   293
